 Dungeon Crawl Stone Soup version 0.31-a0-564-g3b7de120b3 (webtiles) character file.

Game seed: 9495498315394258237

3629 Newt the Fighter (level 9, -12/70 HPs)
             Began as a Demonspawn Gladiator on Aug 17, 2023.
             Was a Believer of Hepliaklqana.
             Killed by the air
             ... invoked by Gastronok
              (37 damage)
             ... on level 8 of the Dungeon.
             The game lasted 00:09:55 (7486 turns).

Newt the Fighter (Demonspawn Gladiator)             Turns: 7486, Time: 00:09:56

Health: -12/70     AC:  6    Str: 14    XL:     9   Next: 87%
Magic:  9/9        EV:  7    Int: 17    God:    Hepliaklqana [**....]
Gold:   358        SH: 25    Dex: 14    Spells: 8/8 levels left

rFire   . . .        D - +6 spear (freeze)
rCold   . . .        K - +18 shield of the Gong {Loud rN+ Will+ rCorr EV-5}
rNeg    + . .        b - +0 leather armour
rPois   .            F - +1 helmet "Meiwn" {Drain Regen+ Str-5 Int+7}
rElec   .            x - +0 cloak
rCorr   +            (gloves unavailable)
SInv    .            (no boots)
Will    ++...        q - amulet of faith
Stlth   +            k - ring of willpower
HPRegen 1.11/turn    (no ring)
MPRegen 0.11/turn

%: faith
@: about to teleport
A: reduced essence, claws 3, foul stench 1, spiny 1, sturdy frame 1
a: Renounce Religion, Recall Ancestor, Ancestor Identity


You were on level 8 of the Dungeon.
You worshipped Hepliaklqana.
Hepliaklqana was pleased with you.
You visited 2 branches of the dungeon, and saw 9 of its levels.
You also visited: Bailey.

You collected 446 gold pieces.
You spent 88 gold pieces at shops.

Inventory:

Hand Weapons
 a - a +0 rapier
 f - a +1 scythe of flaming
 D - a +6 spear of freezing (weapon)
Missiles
 d - 4 throwing nets
 e - 6 javelins
 n - 12 poisoned darts
 s - a boomerang (quivered)
Armour
 b - a +0 leather armour (worn)
 c - a +1 helmet
 x - a +0 cloak (worn)
 E - a +3 ring mail of fire resistance
 F - the +1 helmet "Meiwn" (worn) {Drain Regen+ Str-5 Int+7}
   (You found it on level 6 of the Dungeon)

   Str-5:     It affects your strength (-5).
   Int+7:     It affects your intelligence (+7).
   Regen+:    It increases your rate of health regeneration.
   Drain:     It drains your maximum health when unequipped.
 K - the +18 shield of the Gong (worn) {Loud rN+ Will+ rCorr EV-5}
   (You acquired it in a bailey)

   Loud:      It is deafeningly noisy when blocking attacks.
   EV-5:      It affects your evasion (-5).
   rN+:       It protects you from negative energy.
   Will+:     It increases your willpower.
   rCorr:     It protects you from acid and corrosion.
Jewellery
 k - a ring of willpower (left claw)
 q - an amulet of faith (around neck)
 v - a ring of fire
 y - a ring of fire
 z - a ring of see invisible
 B - a ring of poison resistance
 C - an amulet of guardian spirit
Scrolls
 h - 2 scrolls of teleportation
 l - 2 scrolls of vulnerability
 o - 2 scrolls of blinking
 r - a scroll of identify
 w - a scroll of fog
 G - 3 scrolls of poison
Potions
 g - a potion of lignification
 i - a potion of attraction
 j - a potion of brilliance
 m - 2 potions of degeneration
 p - 5 potions of haste
 t - 2 potions of mutation
 u - 2 potions of heal wounds
 A - a potion of ambrosia
 H - 5 potions of magic
 I - 3 potions of might
 J - 3 potions of cancellation


   Skills:
 - Level 10.0 Fighting
 - Level 4.0 Short Blades
 - Level 6.0 Polearms
 - Level 4.0 Throwing
 - Level 3.0 Armour
 - Level 5.0 Dodging
 + Level 1.0 Unarmed Combat


You had 8 spell levels left.
You didn't know any spells.
Your spell library contained the following spells:

 Spells                   Type           Power      Damage    Failure   Level
 Apportation              Tloc           0%         N/A       67%         1
 Magic Dart               Conj           0%         1d3       67%         1
 Necrotise                Necr           0%         1d4       67%         1
 Summon Small Mammal      Summ           0%         N/A       67%         1
 Searing Ray              Conj           0%         2d4       82%         2
 Hailstorm                Conj/Ice       0%         3d3       96%         3
 Ignite Poison            Fire/Tmut/Pois 0%         N/A       96%         3
 Inner Flame              Hex/Fire       0%         N/A       96%         3
 Animate Armour           Summ/Erth      0%         N/A       100%        4
 Flame Wave               Conj/Fire      0%         2d4       100%        4
 Fulminant Prism          Conj/Hex       0%         3d5       100%        4
 Sticky Flame             Conj/Fire      0%         2d3       100%        4
 Summon Ice Beast         Ice/Summ       0%         N/A       100%        4
 Summon Lightning Spire   Summ/Air       0%         N/A       100%        4
 Lee's Rapid Deconstruct  Erth           0%         3d4*      100%        5
 Simulacrum               Ice/Necr       0%         N/A       100%        6
 Ignition                 Fire           0%         3d3       100%        8


Dungeon Overview and Level Annotations

Branches:
Dungeon (8/15)             Temple (1/1) D:4          Bailey (visited)
   Lair: D:8-11

Altars:
Ashenzari
Cheibriados
Dithmenos
Fedhas
Gozag
Hepliaklqana
Kikubaaqudgha
Makhleb
Okawaru
Trog
Vehumet
Wu Jian
Xom
Yredelemnul

Shops:
D:5 ?

Annotations:
D:8 Gastronok


Innate Abilities, Weirdness & Mutations

Your life essence is reduced to manifest your ancestor. (-10% HP)
You have claws for hands.
You may rarely emit foul miasma when damaged in melee.
You are partially covered in sharp spines.
Your movements are slightly less encumbered by armour. (ER -2)


Message History

Beogh smites you!
Unknown command.
You hit Gastronok but do no damage.
Gastronok is severely wounded.
You block the quokka's attack.
BONNNG!
You block the quokka's attack.
PANG!
Gastronok bites you!!
* * * LOW HITPOINT WARNING * * *
You block the quokka's attack.
PTOANNNG!
You feel much better. You block the quokka's attack.
PTOANNNG!
You block the quokka's attack.
GONNNNG!
You block the quokka's attack.
PTOANNNG!
As you read the scroll of teleportation, it crumbles to dust.
You feel strangely unstable. You block the quokka's attack.
BOUMMMMG!
The orc priest calls down the wrath of Beogh upon you.
Beogh smites you! You block the quokka's attack.
SHROANNG!
Gastronok is struck by your spines. Gastronok bites you!
* * * LOW HITPOINT WARNING * * *
The orc priest looks satisfied for a moment.
Your surroundings seem slightly different.
Found a stone staircase leading down.
As you read the scroll of teleportation, it crumbles to dust.
You feel strangely unstable. You block the orc's attack.
BOUMMMMG!
Unknown command.
The orc wizard attacks as you move away!
You block the orc wizard's attack.
PANG!
Gastronok waves his eye-stalks in wide circles.
The air twists around and strikes you!!!
Ouch! That really hurt!
You die...

# #####. # ###..... #
.######.....# #
...........# #
...........# ##
.......@...########
##.
####......frr)....##
#..
#....ooow)).#...###..
#......o.)#####..##..
#..##....## #..##..
#..# #...## #..####
#.# #..## #..# # #.#
#...# #..# .> ...##
#..#


You could see Gastronok (swift), a sleepcap, 2 orc priests, an orc wizard, an
orc and 2 quokkas.

Vanquished Creatures
  An orc knight (Bailey)
  Sigmund (D:3)
  A water moccasin (D:7)
  An orc warrior (D:8)
  A sky beast (D:6)
  An ice beast (D:6)
  2 ogres (D:6)
  A centaur (D:6)
  A phantom (D:6)
  A kobold brigand (D:7)
  Blork the orc (D:5)
  5 bullfrogs
  2 scorpions
  5 wights (D:7)
  3 howler monkeys
  Crazy Yiuf (D:5)
  2 orc priests
  5 hounds
  A gnoll bouda (D:7)
  3 sleepcaps
  2 iguanas
  4 orc wizards
  17 gnolls
  7 adders
  2 white imps
  2 ufetubi
  A worm (D:2)
  A dart slug (D:3)
  31 orcs
  3 ball pythons
  8 bats
  6 endoplasms
  7 giant cockroaches
  7 goblins
  6 hobgoblins
  16 kobolds
  4 quokkas
  4 frilled lizards
  6 rats
173 creatures vanquished.

Vanquished Creatures (collateral kills)
  A steam dragon (D:8)
  A sky beast (D:8)
  An ice beast (D:8)
  A kobold brigand (D:8)
  A bullfrog (D:8)
  A gnoll sergeant (D:6)
  A gnoll (D:6)
  4 orcs
  2 goblins (D:8)
  3 kobolds
16 creatures vanquished.

Vanquished Creatures (others)
  2 knights
  An ancestor (D:6)
3 creatures vanquished.

Grand Total: 192 creatures vanquished

Notes
Turn   | Place    | Note
-------+----------+-------------------------------------------
     0 | D:1      | Newt the Demonspawn Gladiator began the quest for the Orb.
     0 | D:1      | Reached XP level 1. HP: 16/16 MP: 1/1
   191 | D:1      | Gained mutation: You have sharp fingernails. [demonic
                  | ancestry]
   191 | D:1      | Reached XP level 2. HP: 23/23 MP: 2/2
   206 | D:1      | Reached skill level 3 in Fighting
   456 | D:1      | You fall into a shaft and drop 1 floor!
   639 | D:1      | Gained mutation: You may rarely emit foul miasma when
                  | damaged in melee. [demonic ancestry]
   639 | D:1      | Reached XP level 3. HP: 24/29 MP: 3/3
  1144 | D:2      | Found an ornate altar of the Wu Jian Council.
  1689 | D:2      | Reached XP level 4. HP: 35/35 MP: 4/4
  1993 | D:3      | Noticed Sigmund
  2004 | D:3      | Killed Sigmund
  2005 | D:3      | Reached skill level 1 in Armour
  2005 | D:3      | Gained mutation: You have very sharp fingernails. [demonic
                  | ancestry]
  2005 | D:3      | Reached XP level 5. HP: 23/41 MP: 5/5
  2223 | D:3      | Gained mutation: You are partially covered in sharp spines.
                  | [demonic ancestry]
  2223 | D:3      | Reached XP level 6. HP: 31/47 MP: 6/6
  2335 | D:3      | Found a faded altar of an unknown god.
  3078 | D:4      | Found a staircase to the Ecumenical Temple.
  3089 | D:4      | Reached skill level 1 in Polearms
  3152 | Temple   | Entered the Ecumenical Temple
  3161 | Temple   | Became a worshipper of Hepliaklqana the Forgotten
  3298 | D:4      | Gained mutation: Your movements are slightly less
                  | encumbered by armour. (ER -2) [demonic ancestry]
  3298 | D:4      | Reached XP level 7. HP: 41/52 MP: 7/7
  3416 | D:4      | Found a bloodstained altar of Trog.
  3756 | D:5      | Entered Level 5 of the Dungeon
  3828 | D:5      | Found an iron altar of Okawaru.
  3837 | D:5      | Found a burning altar of Makhleb.
  3899 | D:5      | Noticed Blork the orc
  3907 | D:5      | Killed Blork the orc
  4069 | D:5      | Found Jumuottuta's Magic Scroll Emporium.
  4075 | D:5      | Bought a scroll of identify for 22 gold pieces
  4075 | D:5      | Bought a scroll of identify for 22 gold pieces
  4075 | D:5      | Bought a scroll of identify for 22 gold pieces
  4075 | D:5      | Bought a scroll of identify for 22 gold pieces
  4094 | D:5      | Reached skill level 4 in Fighting
  4232 | D:5      | Found a runed translucent door.
  4235 | D:5      | Noticed Crazy Yiuf
  4249 | D:5      | Killed Crazy Yiuf
  4551 | D:6      | Reached skill level 5 in Fighting
  4563 | D:6      | Gained mutation: You have claws for hands. [demonic
                  | ancestry]
  4563 | D:6      | Reached XP level 8. HP: 55/63 MP: 8/8
  4582 | D:6      | Reached * piety under Hepliaklqana
  4588 | D:6      | Reached skill level 6 in Fighting
  4611 | D:6      | Reached skill level 5 in Polearms
  5364 | D:6      | Identified the +1 helmet "Meiwn" {Drain Regen+ Str-5 Int+7}
  5830 | D:7      | Reached ** piety under Hepliaklqana
  5862 | D:7      | Remembered your ancestor Cynebald as a knight
  6060 | D:7      | Reached skill level 5 in Dodging
  6060 | D:7      | Reached XP level 9. HP: 62/62 MP: 9/9
  6094 | D:7      | Reached skill level 7 in Fighting
  6528 | D:8      | Reached skill level 8 in Fighting
  6631 | D:8      | Found a flagged portal.
  6650 | Bailey   | Entered a bailey
  6823 | Bailey   | Noticed an orc knight
  6841 | Bailey   | Killed an orc knight
  6842 | Bailey   | Reached skill level 9 in Fighting
  7088 | Bailey   | Acquired the +18 shield of the Gong {Loud rN+ Will+ rCorr
                  | EV-5}
  7088 | Bailey   | Found the +18 shield of the Gong {Loud rN+ Will+ rCorr
                  | EV-5}
  7450 | D:8      | Noticed Gastronok
  7455 | D:8      | Reached skill level 10 in Fighting
  7458 | D:8      | Reached skill level 1 in Unarmed Combat
  7486 | D:8      | Killed from afar by Gastronok

Illustrated notes

Levels and vault maps discovered:
D:1:      onia_arrival_mini_maze_b, layout_basic, chequers_serial_rivers_micro_c
D:2:      layout_basic, basic_altar, serial_corexii_hall,
          corexii_hall_statues_i, chequers_hall_statues_y,
          chequers_hall_statues_y, chequers_hall_statues_wall_a,
          nrook_mini_backslash
D:3:      layout_rooms, dreamdust_ecumenical_altar_statues, minmay_vboxes,
          uniq_sigmund
D:4:      layout_cave_pools, old_standard_altar, temple_statues
D:5:      layout_rooms, amethyst_overflow_temple_binary, serial_shops,
          kennysheep_little_box, uniq_blork_the_orc, uniq_crazy_yiuf_cottage
D:6:      layout_basic
D:7:      layout_loops_cross
D:8:      layout_layer_cave, enter_bailey_4, kennysheep_generic_room_16,
          uniq_gastronok
Temple:   nicolae_temple_two_arcs

Skill      XL: |  1  2  3  4  5  6  7  8  9 |
---------------+----------------------------+-----
Fighting       | 3 5 6 10 | 10.0
Short Blades   | 3 4 |  4.0
Throwing       | 4 |  4.0
Armour         | 1 3 |  3.0
Polearms       | 3 4 6 |  6.0
Dodging        | 5 |  5.0
Unarmed Combat | 1 |  1.0

Action                     |  1- 3 |  4- 6 |  7- 9 || total
---------------------------+-------+-------+-------++-------
  Melee: Rapier            |   150 |    26 |       ||   176
         Punch             |       |     1 |     1 ||     2
         Halberd           |       |    83 |   105 ||   188
         Spear             |       |       |   228 ||   228
  Throw: Throwing net      |     2 |     1 |     3 ||     6
         Dart              |       |     4 |       ||     4
 Invoke: Ancestor Life: Kn |       |       |     1 ||     1
    Use: Scroll            |     7 |     5 |    15 ||    27
         Potion            |       |       |     1 ||     1
   Stab: Held in net/web   |     2 |     1 |     1 ||     4
         Sleeping          |       |     1 |     4 ||     5
         Distracted        |       |       |     1 ||     1
 Armour: Leather armour    |    40 |    31 |    54 ||   125
  Dodge: Dodged            |    97 |    71 |   116 ||   284
  Block: Kite shield       |       |       |    45 ||    45

Table legend: (Time is in decaauts)
 A = Elapsed time spent in this place.
 B = Non-inter-level travel time spent in this place.
 C = Inter-level travel time spent in this place.
 D = Time resting spent in this place.
 E = Time spent auto-exploring this place.
 F = Levels seen in this place.
 G = Mean time per level.
                   A        B        C        D        E       F      G
               +--------+--------+--------+--------+--------+-----+--------+
         Total |   7543 |   7198 |    345 |   1370 |   4514 |  10 |  754.3 |
       Dungeon |   7010 |   6682 |    328 |   1161 |   4314 |   8 |  876.2 |
        Temple |     18 |      1 |     17 |      0 |      0 |   1 |   18.0 |
        Bailey |    514 |    514 |      0 |    209 |    200 |   1 |  514.0 |
               +--------+--------+--------+--------+--------+-----+--------+

Top non-repeatable levels by time:
     D:6: 1223 daAuts
     D:3: 1019 daAuts
     D:2: 1012 daAuts
     D:1: 948 daAuts
     D:4: 807 daAuts
     D:5: 788 daAuts
     D:7: 707 daAuts
  Bailey: 514 daAuts
     D:8: 504 daAuts
  Temple: 18 daAuts
